 Dungeon Crawl Stone Soup version 0.29.1-2-gbd0b4ee654 (webtiles) character file.

Game seed: 14280764672169345658

8087 RUZZLEFAZAZZLE the Blocker (level 11, 0/89 HPs)
             Began as a Gnoll Fighter on Nov 27, 2022.
             Was an Elder of Okawaru.
             Slain by a gargoyle
             ... wielding a +0 flail
              (16 damage)
             ... on level 12 of the Dungeon.
             The game lasted 00:39:45 (13312 turns).

RUZZLEFAZAZZLE the Blocker (Gnoll Fighter)         Turns: 13312, Time: 00:39:46

Health: 0/89       AC: 27    Str: 19    XL:     11   Next: 25%
Magic:  20/20      EV:  8    Int:  9    God:    Okawaru [****..]
Gold:   719        SH:  0    Dex: 11    Spells: 22/22 levels left

rFire   + . .      SeeInvis +   b - +3 mace (protect)
rCold   + . .      Faith    .   q - orb {light}
rNeg    . . .      Spirit   .   y - +0 plate armour
rPois   +          Reflect  .   (helmet restricted)
rElec   .          Harm     .   G - scarf {rC+ rF+}
rCorr   .          Rampage  .   C - +1 pair of gloves
Will    .....                   I - +0 pair of boots
Stlth   ..........              x - amulet of the acrobat
HPRegen 0.24/turn               v - ring of see invisible
MPRegen 0.17/turn               (no ring)

@: under a protective aura, glowing
A: fangs 1, strong nose, distributed training, horns 1, iridescent scales 1,
poison resistance, subdued magic 1
a: Renounce Religion, Heroism, Finesse


You were on level 12 of the Dungeon.
You worshipped Okawaru.
Okawaru was greatly pleased with you.
You visited 2 branches of the dungeon, and saw 13 of its levels.

You collected 719 gold pieces.

Inventory:

Hand Weapons
 a - a +0 war axe
 b - a +3 mace of protection (weapon)
 d - a +0 hand axe of venom
 o - a +0 hand axe of flaming
 E - a +4 morningstar
Armour
 c - a +0 buckler
 q - an orb of light (worn)
 y - a +0 plate armour (worn)
 C - a +1 pair of gloves (worn)
 D - a +0 cloak
 G - a scarf of resistance (worn)
 I - a +0 pair of boots (worn)
Magical Staves
 h - a staff of fire
Jewellery
 v - a ring of see invisible (left hand)
 x - an amulet of the acrobat (around neck)
Wands
 r - a wand of light (6)
 t - a wand of charming (24)
 B - a wand of roots (8)
Scrolls
 e - 7 scrolls of teleportation
 i - a scroll of magic mapping
 j - a scroll of enchant weapon {unknown}
 s - a scroll of fog
 H - a scroll of immolation
Potions
 f - 2 potions of magic
 g - 3 potions of cancellation
 l - 6 potions of flight
 m - 2 potions of attraction
 n - 5 potions of curing
 p - a potion of haste
 u - 3 potions of heal wounds
 w - a potion of invisibility
 z - a potion of mutation
 A - 3 potions of brilliance


   Skills:
 + Level 9.2 Fighting
 + Level 6.3 Short Blades
 + Level 6.3 Long Blades
 + Level 7.9 Axes
 + Level 6.3 Maces & Flails
 + Level 6.3 Polearms
 + Level 6.3 Staves
 + Level 6.3 Ranged Weapons
 + Level 6.3 Throwing
 + Level 9.2 Armour
 + Level 6.3 Dodging
 + Level 6.3 Stealth
 + Level 9.2 Shields
 + Level 6.3 Unarmed Combat
 + Level 6.3 Spellcasting
 + Level 5.2 Conjurations
 + Level 5.2 Hexes
 + Level 5.2 Summonings
 + Level 5.2 Necromancy
 + Level 5.2 Translocations
 + Level 5.2 Transmutations
 + Level 5.2 Fire Magic
 + Level 5.2 Ice Magic
 + Level 5.2 Air Magic
 + Level 5.2 Earth Magic
 + Level 5.2 Poison Magic
 + Level 7.0 Invocations
 + Level 6.3 Evocations


You had 22 spell levels left.
You didn't know any spells.
Your spell library contained the following spells:

 Spells                   Type           Power      Damage    Failure   Level
 Beastly Appendage        Tmut           18%        N/A       41%         1
 Blink                    Tloc           18%        N/A       54%         2
 Wereblood                Tmut           9%         N/A       54%         2
 Lesser Beckoning         Tloc           9%         N/A       80%         3
 Portal Projectile        Hex/Tloc       18%        N/A       80%         3
 Spider Form              Tmut/Pois      9%         N/A       80%         3
 Leda's Liquefaction      Hex/Erth       4%         N/A       99%         4
 Petrify                  Tmut/Erth      9%         N/A       99%         4
 Manifold Assault         Tloc           9%         N/A       100%        5
 Metabolic Englaciation   Hex/Ice        4%         N/A       100%        5
 Statue Form              Tmut/Erth      6%         N/A       100%        6
 Storm Form               Tmut/Air       4%         N/A       100%        7
 Call Canine Familiar     Summ           Unusable   N/A       N/A         3

Dungeon Overview and Level Annotations

Branches:
Dungeon (11/15)            Temple (1/1) D:6
   Lair: D:8-11         Orc: D:9-12

Altars:
Ashenzari
Cheibriados
Dithmenos
Elyvilon
Fedhas
Gozag
Hepliaklqana
Kikubaaqudgha
Makhleb
Nemelex Xobeh
Okawaru
Qazlal
Ru
Sif Muna
Trog
Uskayaw
Vehumet
Wu Jian
Xom
Yredelemnul
Zin
The Shining One


Innate Abilities, Weirdness & Mutations

You have very sharp teeth.
Your uncanny sense of smell can sniff out nearby items.
Your experience applies equally to all skills.
You have a pair of small horns on your head.
You are partially covered in iridescent scales. (AC +2)
Your system is resistant to poisons. (rPois)
Your spells are a little easier to cast, but a little less powerful.


Message History

You hit the gargoyle but do no damage.
The gargoyle is moderately damaged.
The gargoyle hits you but does no damage.
You hit the gargoyle but do no damage.
You headbutt the gargoyle, but do no damage.
You bite the gargoyle, but do no damage.
The gargoyle is moderately damaged.
The gargoyle hits you with a +0 flail.
You hit the gargoyle but do no damage.
You headbutt the gargoyle, but do no damage.
You bite the gargoyle, but do no damage.
The gargoyle is moderately damaged.
The gargoyle hurls a stone arrow at you.
The stone arrow misses you.
You hit the gargoyle but do no damage.
You bite the gargoyle, but do no damage.
The gargoyle is moderately damaged.
The gargoyle hits you with a +0 flail! x2
* * * LOW HITPOINT WARNING * * *
You hit the gargoyle but do no damage.
You headbutt the gargoyle, but do no damage.
The gargoyle is moderately damaged.
The gargoyle barely misses you.
You hit the gargoyle but do no damage.
You headbutt the gargoyle, but do no damage.
The gargoyle is moderately damaged.
The gargoyle hits you but does no damage.
You hit the gargoyle but do no damage.
You headbutt the gargoyle, but do no damage.
The gargoyle is moderately damaged.
The gargoyle hits you with a +0 flail.
* * * LOW HITPOINT WARNING * * *
You hit the gargoyle. You headbutt the gargoyle.
The gargoyle is heavily damaged.
The gargoyle hurls a stone arrow at you.
The stone arrow misses you.
You hit the gargoyle but do no damage.
The gargoyle is heavily damaged.
The gargoyle hits you with a +0 flail!
You die...

#$.... #.....
########.....
#....9.......
#9######.....
#.# ###... #.#
#..
##############.#
##
.........@9....#
################


You could see a gargoyle.

Vanquished Creatures
  A two-headed ogre (D:8)
  2 ugly things
  Joseph (D:7)
  The ghost of matvey144 the Chopper, an amateur MiFi (D:5)
  2 hornets
  2 shadows
  11 yaks
  Eustachio (D:4)
  A wyvern (D:8)
  A steam dragon (D:8)
  An acid dragon (D:9)
  A water moccasin (D:9)
  3 orc warriors
  2 sky beasts
  A black bear (D:6)
  3 centaurs
  A bullfrog (D:9)
  A phantom (D:5)
  A kobold brigand (D:10)
  A necrophage (D:5)
  2 gnoll sergeants
  4 scorpions
  5 wights (D:7)
  8 killer bees (D:8)
  An electric eel (D:12)
  4 hounds
  9 orc priests
  4 jellies
  9 orc wizards
  2 iguanas
  Robin (D:2)
  9 adders
  16 gnolls
  A shadow imp (D:5)
  A white imp (D:7)
  An ufetubus (D:6)
  2 worms (D:2)
  2 dart slugs
  39 orcs
  7 bats
  9 endoplasms
  6 giant cockroaches
  8 hobgoblins
  4 jackals (D:4)
  13 kobolds
  10 quokkas
  13 ball pythons
  6 frilled lizards
  20 goblins
  6 rats
260 creatures vanquished.

Vanquished Creatures (collateral kills)
  An orc wizard (D:6)
1 creature vanquished.

Grand Total: 261 creatures vanquished

Notes
Turn   | Place    | Note
-------+----------+-------------------------------------------
     0 | D:1      | RUZZLEFAZAZZLE the Gnoll Fighter began the quest for the
                  | Orb.
     0 | D:1      | Reached XP level 1. HP: 23/23 MP: 1/1
     3 | D:1      | Noticed an electric eel
    11 | D:1      | Noticed an electric eel
   189 | D:1      | Reached XP level 2. HP: 29/29 MP: 2/2
   318 | D:1      | Found a faded altar of an unknown god.
  1019 | D:1      | Reached XP level 3. HP: 30/35 MP: 3/3
  1300 | D:1      | Reached skill level 1 in Invocations
  1722 | D:2      | Reached skill level 1 in Short Blades
  1722 | D:2      | Reached skill level 1 in Long Blades
  1722 | D:2      | Reached skill level 1 in Maces & Flails
  1722 | D:2      | Reached skill level 1 in Polearms
  1722 | D:2      | Reached skill level 1 in Staves
  1722 | D:2      | Reached skill level 1 in Ranged Weapons
  1722 | D:2      | Reached skill level 1 in Throwing
  1722 | D:2      | Reached skill level 1 in Dodging
  1722 | D:2      | Reached skill level 1 in Stealth
  1722 | D:2      | Reached skill level 1 in Unarmed Combat
  1722 | D:2      | Reached skill level 1 in Spellcasting
  1722 | D:2      | Reached skill level 1 in Evocations
  1864 | D:2      | Reached XP level 4. HP: 39/41 MP: 5/5
  1866 | D:2      | Noticed Robin
  1876 | D:2      | Killed Robin
  1877 | D:2      | Reached skill level 1 in Conjurations
  1877 | D:2      | Reached skill level 1 in Hexes
  1877 | D:2      | Reached skill level 1 in Summonings
  1877 | D:2      | Reached skill level 1 in Necromancy
  1877 | D:2      | Reached skill level 1 in Translocations
  1877 | D:2      | Reached skill level 1 in Transmutations
  1877 | D:2      | Reached skill level 1 in Fire Magic
  1877 | D:2      | Reached skill level 1 in Ice Magic
  1877 | D:2      | Reached skill level 1 in Air Magic
  1877 | D:2      | Reached skill level 1 in Earth Magic
  1877 | D:2      | Reached skill level 1 in Poison Magic
  2117 | D:2      | Identified the +1 leather armour of Valiance {Int+5}
  2490 | D:3      | Reached XP level 5. HP: 47/47 MP: 5/7
  2546 | D:3      | Identified the +2 ring mail "Kifesk" {+Blink +Inv Dex+2}
  3233 | D:4      | Found a hide-covered altar of Uskayaw.
  3238 | D:4      | Gained mutation: You occasionally lose the ability to drink
                  | potions when taking damage. [potion of mutation]
  3238 | D:4      | Gained mutation: You are robust. (+10% HP) [potion of
                  | mutation]
  3238 | D:4      | Gained mutation: Potions are less effective at restoring
                  | your health. [potion of mutation]
  3239 | D:4      | Lost mutation: Potions are less effective at restoring your
                  | health. [potion of mutation]
  3239 | D:4      | Lost mutation: You are robust. (+10% HP) [potion of
                  | mutation]
  3239 | D:4      | Lost mutation: You occasionally lose the ability to drink
                  | potions when taking damage. [potion of mutation]
  3239 | D:4      | Gained mutation: Your spells are a little easier to cast,
                  | but a little less powerful. [potion of mutation]
  3239 | D:4      | Gained mutation: Your system is resistant to poisons.
                  | (rPois) [potion of mutation]
  3239 | D:4      | Gained mutation: You have hidden genetic potential. [potion
                  | of mutation]
  3250 | D:4      | Reached XP level 6. HP: 51/53 MP: 8/8
  3260 | D:4      | Noticed Eustachio
  3271 | D:4      | Killed Eustachio
  3272 | D:4      | Reached skill level 5 in Axes
  3273 | D:4      | Gained mutation: You have a pair of small horns on your
                  | head. [hidden potential]
  3667 | D:4      | Reached XP level 7. HP: 57/60 MP: 10/10
  4460 | D:4      | Found a sacrificial altar of Ru.
  4539 | D:4      | Gained mutation: You are partially covered in iridescent
                  | scales. (AC +2) [hidden potential]
  4539 | D:4      | Lost mutation: You have hidden genetic potential. [hidden
                  | potential expressed]
  4947 | D:5      | Entered Level 5 of the Dungeon
  5177 | D:5      | Found an opulent altar of Gozag.
  5267 | D:5      | Identified the +4 whip of Hepliaklqana's Grace {venom,
                  | Will+ Int+2}
  5607 | D:5      | Found a runed translucent door.
  5608 | D:5      | Noticed matvey144's ghost (amateur MiFi)
  5741 | D:5      | Found an ornate altar of the Wu Jian Council.
  5747 | D:5      | Reached XP level 8. HP: 65/67 MP: 12/12
  6114 | D:5      | Killed matvey144's ghost
  6569 | D:6      | Found a glowing silver altar of Zin.
  6737 | D:6      | Found a bloodstained altar of Trog.
  6945 | D:6      | Noticed a shadow
  6971 | D:6      | Reached XP level 9. HP: 64/73 MP: 14/14
  7164 | D:6      | Found a staircase to the Ecumenical Temple.
  7177 | Temple   | Entered the Ecumenical Temple
  7201 | Temple   | Became a worshipper of Warmaster Okawaru
  7705 | D:7      | Reached * piety under Okawaru
  7969 | D:7      | Reached skill level 5 in Invocations
  8002 | D:7      | Reached ** piety under Okawaru
  8262 | D:7      | Noticed Joseph
  8262 | D:7      | Noticed a hornet
  8280 | D:7      | Killed a hornet
  8301 | D:7      | Reached skill level 5 in Short Blades
  8301 | D:7      | Reached skill level 5 in Long Blades
  8301 | D:7      | Reached skill level 5 in Maces & Flails
  8301 | D:7      | Reached skill level 5 in Polearms
  8301 | D:7      | Reached skill level 5 in Staves
  8301 | D:7      | Reached skill level 5 in Ranged Weapons
  8301 | D:7      | Reached skill level 5 in Throwing
  8301 | D:7      | Reached skill level 5 in Dodging
  8301 | D:7      | Reached skill level 5 in Stealth
  8301 | D:7      | Reached skill level 5 in Unarmed Combat
  8301 | D:7      | Reached skill level 5 in Spellcasting
  8301 | D:7      | Reached skill level 5 in Evocations
  8302 | D:7      | Killed Joseph
  8303 | D:7      | Reached XP level 10. HP: 54/82 MP: 17/17
  9052 | D:8      | Noticed a two-headed ogre
  9066 | D:8      | Killed a two-headed ogre
  9072 | D:8      | Reached *** piety under Okawaru
 10999 | D:9      | Reached **** piety under Okawaru
 11077 | D:9      | Noticed a white ugly thing
 11801 | D:9      | Killed a white ugly thing
 11802 | D:9      | Reached skill level 5 in Conjurations
 11802 | D:9      | Reached skill level 5 in Hexes
 11802 | D:9      | Reached skill level 5 in Summonings
 11802 | D:9      | Reached skill level 5 in Necromancy
 11802 | D:9      | Reached skill level 5 in Translocations
 11802 | D:9      | Reached skill level 5 in Transmutations
 11802 | D:9      | Reached skill level 5 in Fire Magic
 11802 | D:9      | Reached skill level 5 in Ice Magic
 11802 | D:9      | Reached skill level 5 in Air Magic
 11802 | D:9      | Reached skill level 5 in Earth Magic
 11802 | D:9      | Reached skill level 5 in Poison Magic
 11802 | D:9      | Reached XP level 11. HP: 89/89 MP: 18/20
 12101 | D:10     | Entered Level 10 of the Dungeon
 12955 | D:10     | Found a sparkling altar of Nemelex Xobeh.
 13199 | D:11     | Noticed a white ugly thing
 13213 | D:11     | Killed a white ugly thing
 13252 | D:11     | You fall into a shaft and drop 1 floor!
 13312 | D:12     | Slain by a gargoyle

Illustrated notes

Levels and vault maps discovered:
D:1:      arrival_aquarium_b, layout_loops_ring,
          hellmonk_ecumenical_altar_heavens_door, minmay_hexomino_f4
D:2:      layout_loops_ring, chequers_avenue, minmay_goblin_kobold_house,
          uniq_robin
D:3:      minmay_inner_zag, layout_rooms, hangedman_feature_mirror,
          minmay_fractal_squares_5
D:4:      layout_basic, mainiacjoe_overflow_small_starburst,
          overflow_temple_1_default, item_on_display_a, uniq_eustachio
D:5:      layout_basic, nicolae_gozag_cash_rules_everything_around_me,
          nicolae_wu_jian_immortal_techniques, ebering_ghost_reflecting_pool
D:6:      minmay_chambers_of_fours, layout_cave_pools, zin_statuary,
          mainiacjoe_overflow_alcove_4, temple_statues
D:7:      layout_basic, st_stairs_10, uniq_joseph
D:8:      layout_rooms, nicolae_titane
D:9:      layout_small_grid, nicolae_two_hexagons, hive_lemuel
D:10:     layout_loops_ring, nemelex_diamond_rough_becter
D:11:     layout_roguey, due_lair_maze_entry_diamond, orc_0_dummy,
          small_statue_intersection, solitary_fountain, uniq_maurice
D:12:     layout_basic, disabler_island, uniq_erolcha
Temple:   bh_familiar_temple

Skill      XL: |  1  2  3  4  5  6  7  8  9 10 11 |
---------------+----------------------------------+-----
Invocations    | 1 2 3 4 5 6 7 |  7.0
Short Blades   | 1 2 3 5 6 |  6.3
Long Blades    | 1 2 3 5 6 |  6.3
Maces & Flails | 1 2 3 5 6 |  6.3
Polearms       | 1 2 3 5 6 |  6.3
Staves         | 1 2 3 5 6 |  6.3
Ranged Weapons | 1 2 3 5 6 |  6.3
Throwing       | 1 2 3 5 6 |  6.3
Dodging        | 1 2 3 5 6 |  6.3
Stealth        | 1 2 3 5 6 |  6.3
Unarmed Combat | 1 2 3 5 6 |  6.3
Spellcasting   | 1 2 3 5 6 |  6.3
Evocations     | 1 2 3 5 6 |  6.3
Conjurations   | 1 2 3 4 5 |  5.2
Hexes          | 1 2 3 4 5 |  5.2
Summonings     | 1 2 3 4 5 |  5.2
Necromancy     | 1 2 3 4 5 |  5.2
Translocations | 1 2 3 4 5 |  5.2
Transmutations | 1 2 3 4 5 |  5.2
Fire Magic     | 1 2 3 4 5 |  5.2
Ice Magic      | 1 2 3 4 5 |  5.2
Air Magic      | 1 2 3 4 5 |  5.2
Earth Magic    | 1 2 3 4 5 |  5.2
Poison Magic   | 1 2 3 4 5 |  5.2
Axes           | 5 6 7 |  7.9
Fighting       | 7 8 9 |  9.2
Armour         | 7 8 9 |  9.2
Shields        | 7 8 9 |  9.2

Action                   |  1- 3 |  4- 6 |  7- 9 | 10-12 || total
-------------------------+-------+-------+-------+-------++-------
Melee: War axe           |    49 |       |       |       ||    49
       Staff             |    37 |       |       |       ||    37
       Bite              |     4 |    15 |    45 |    45 ||   109
       Hand axe          |    42 |   143 |   192 |       ||   377
       Headbutt          |       |     6 |    71 |    82 ||   159
       Mace              |       |       |    84 |   274 ||   358
Throw: Boomerang         |       |       |     3 |       ||     3
       Throwing net      |       |       |       |     1 ||     1
Evoke: Wand              |       |       |     6 |    28 ||    34
  Use: Scroll            |       |     9 |     7 |     7 ||    23
       Potion            |       |     4 |     2 |    11 ||    17
Armor: Scale mail        |    57 |    29 |       |       ||    86
       Ring mail         |       |    25 |    19 |       ||    44
       Plate armour      |       |       |   150 |   213 ||   363
       Skin              |       |       |       |     5 ||     5
Dodge: Dodged            |    60 |    79 |   149 |   143 ||   431
Block: Buckler           |    26 |       |       |       ||    26
